 Dungeon Crawl Stone Soup version 0.29-a0-11-ga75d3d97ab (webtiles) character file.

Game seed: 11562481426681311496

3295 lunkers the Fighter (level 9, 0/92 HPs)
             Began as a Minotaur Hunter on Jan 28, 2022.
             Was a Priest of Okawaru.
             Slain by a manticore (6 damage)
             ... on level 8 of the Dungeon on Jan 29, 2022.
             The game lasted 00:19:26 (9820 turns).

lunkers the Fighter (Minotaur Hunter)               Turns: 9820, Time: 00:19:27

Health: 0/92       AC:  9    Str: 22    XL:     9   Next: 69%
Magic:  11/11      EV:  8    Int:  8    God:    Okawaru [***...]
Gold:   436        SH:  0    Dex: 10    Spells: 8/8 levels left

rFire   . . .      SeeInvis .   a - +1 shortbow
rCold   . . .      Faith    .   (shield currently unavailable)
rNeg    . . .      Spirit   .   H - +0 chain mail
rPois   .          Reflect  .   (helmet restricted)
rElec   .          Harm     .   m - +0 cloak
rCorr   .          Rampage  .   (no gloves)
Will    .....                   (no boots)
Stlth   ..........              (no amulet)
HPRegen 0.25/turn               (no ring)
MPRegen 0.12/turn               (no ring)

@: studying Spellcasting
A: horns 2, retaliatory headbutt
a: Renounce Religion, Heroism


You were on level 8 of the Dungeon.
You worshipped Okawaru.
Okawaru was most pleased with you.
You visited 2 branches of the dungeon, and saw 9 of its levels.

You collected 436 gold pieces.

Inventory:

Hand Weapons
 a - a +1 shortbow (weapon)
 b - a +0 short sword
 i - a +2 dagger of holy wrath
 l - a +2 quarterstaff of chaos
 I - a +3 mace
 J - a +5 morningstar
Missiles
 d - 92 arrows (quivered ammo)
Armour
 c - a +0 leather armour
 m - a +0 cloak (worn)
 H - a +0 chain mail (worn)
Jewellery
 k - an amulet of magic regeneration
Wands
 G - a wand of paralysis (7)
Scrolls
 f - 2 scrolls of fog {unknown}
 j - 4 scrolls of blinking {unknown}
 n - 7 scrolls of teleportation {unknown}
 o - 2 scrolls of holy word {unknown}
 p - 7 scrolls of identify {unknown}
 q - a scroll of enchant weapon {unknown}
 s - 2 scrolls of enchant armour {unknown}
 t - 2 scrolls of immolation {unknown}
 v - 2 scrolls of fear {unknown}
 w - a scroll of magic mapping {unknown}
 x - 2 scrolls of summoning {unknown}
 y - a scroll of amnesia {unknown}
 E - a scroll of acquirement {unknown}
Potions
 e - 3 potions of brilliance {unknown}
 g - 3 potions of curing
 h - a potion of degeneration {unknown}
 r - a potion of invisibility {unknown}
 u - 3 potions of attraction {unknown}
 z - 2 potions of flight {unknown}
 A - 2 potions of haste {unknown}
 B - 3 potions of mutation {unknown}
 C - a potion of heal wounds {unknown}
 D - 2 potions of might {unknown}
 F - a potion of resistance {unknown}


   Skills:
 * Level 12.9 Fighting
 + Level 9.3 Bows
 - Level 2.1 Dodging
 - Level 0.7 Stealth
 - Level 4.0 Invocations


You had 8 spell levels left.
You didn't know any spells.
Your spell library contained the following spells:

 Spells                   Type           Power      Damage    Failure   Level
 Slow                     Hex            0%         N/A       99%         1
 Blink                    Tloc           0%         N/A       100%        2
 Confusing Touch          Hex            0%         N/A       100%        3
 Vampiric Draining        Necr           0%         2d6       100%        3
 Petrify                  Tmut/Erth      0%         N/A       100%        4
 Manifold Assault         Tloc           0%         N/A       100%        5
 Metabolic Englaciation   Hex/Ice        0%         N/A       100%        5
 Statue Form              Tmut/Erth      0%         N/A       100%        6
 Storm Form               Tmut/Air       0%         N/A       100%        7


Dungeon Overview and Level Annotations

Branches:
Dungeon (8/15)             Temple (1/1) D:5
   Lair: D:8-11

Altars:
Ashenzari
Cheibriados
Dithmenos
Elyvilon
Fedhas
Gozag
Hepliaklqana
Kikubaaqudgha
Makhleb
Nemelex Xobeh
Okawaru
Qazlal
Ru
Sif Muna
Trog
Uskayaw
Vehumet
Wu Jian
Yredelemnul
Zin
The Shining One


Innate Abilities, Weirdness & Mutations

You have a pair of horns on your head.
You reflexively headbutt those who attack you in melee.


Message History

The manticore is severely wounded.
The manticore misses you. The manticore claws you.
* * * LOW HITPOINT WARNING * * *
The manticore claws you but does no damage.
Fire: 95 arrows
Press: ? - help, Q - select action, (/) - cycle Shift-Dir - straight line, f/p - manticore
Aim: a manticore (severely wounded, 77% to hit)
You shoot an arrow.
The arrow hits the manticore but does no damage.
The manticore is severely wounded.
The manticore bites you!
* * * LOW HITPOINT WARNING * * *
The manticore claws you!
* * * LOW HITPOINT WARNING * * *
The manticore claws you.
* * * LOW HITPOINT WARNING * * *
Unknown command.
Fire: 94 arrows
Press: ? - help, Q - select action, (/) - cycle Shift-Dir - straight line, f/p - manticore
Aim: a manticore (severely wounded, 77% to hit)
You shoot an arrow.
The arrow hits the manticore but does no damage.
The manticore is severely wounded.
The manticore bites you!
* * * LOW HITPOINT WARNING * * *
The manticore claws you.
* * * LOW HITPOINT WARNING * * *
The manticore claws you.
* * * LOW HITPOINT WARNING * * *
Unknown command.
Fire: 93 arrows
Press: ? - help, Q - select action, (/) - cycle Shift-Dir - straight line, f/p - manticore
Aim: a manticore (severely wounded, 77% to hit)
You shoot an arrow.
The arrow hits the manticore but does no damage.
The manticore is severely wounded.
The manticore bites you.
* * * LOW HITPOINT WARNING * * *
The manticore claws you.
You die...

..........#.....#.#.##..
............###.#.#.##.#
.....##..............#..
......#...........######
..............<..>.......
#.###..##.......##.######
#.=##..#........#.#..... #
#..##..#.........##.###
##. #..##@#.....(.####.# #
#..D #..#H#..#+#.......# #
.)H9.##.#(##+#.#...#######
#)...#(.#...............
#.#...........######
#..#...........#
#!.##.#.........# #..#
.(#.........# #..#
.(####...#..#


You could see a manticore.

Vanquished Creatures
  A two-headed ogre (D:7)
  A gargoyle (D:8)
  Eustachio (D:6)
  2 steam dragons
  Duvessa (D:7)
  An orc warrior (D:5)
  An ice beast (D:5)
  A sky beast (D:5)
  3 necrophages
  2 centaurs
  2 kobold brigands
  A wyvern zombie (D:7)
  2 bullfrogs (D:6)
  A scorpion (D:4)
  A water moccasin zombie (D:7)
  Dowan (D:7)
  4 wights (D:7)
  A hound (D:5)
  Crazy Yiuf (D:2)
  2 jellies (D:5)
  4 iguanas
  2 orc wizards (D:7)
  2 killer bee zombies
  A hound skeleton (D:4)
  A howler monkey zombie (D:7)
  Robin (D:2)
  6 adders
  2 white imps
  3 ufetubi
  2 worms (D:3)
  6 dart slugs
  14 orcs
  7 ball pythons
  3 bats
  8 endoplasms
  A giant cockroach (D:1)
  13 goblins
  9 hobgoblins
  2 jackals (D:1)
  17 kobolds
  5 quokkas
  5 frilled lizards
  8 rats
152 creatures vanquished.

Notes
Turn   | Place    | Note
-------+----------+-------------------------------------------
     0 | D:1      | lunkers the Minotaur Hunter began the quest for the Orb.
     0 | D:1      | Reached XP level 1. HP: 18/18 MP: 0/0
    73 | D:1      | Reached skill level 3 in Fighting
    80 | D:1      | Reached XP level 2. HP: 23/26 MP: 1/1
   687 | D:2      | Noticed Robin
   688 | D:2      | Reached XP level 3. HP: 29/33 MP: 2/2
   706 | D:2      | Reached skill level 4 in Fighting
   851 | D:2      | Killed Robin
  1649 | D:2      | Reached skill level 5 in Bows
  1789 | D:2      | Found a runed translucent door.
  1790 | D:2      | Noticed Crazy Yiuf
  1991 | D:2      | Killed Crazy Yiuf
  1992 | D:2      | Reached XP level 4. HP: 13/41 MP: 3/3
  2307 | D:3      | Reached skill level 5 in Fighting
  2900 | D:3      | Found a faded altar of an unknown god.
  2909 | D:3      | Reached XP level 5. HP: 48/48 MP: 4/4
  3516 | D:4      | Reached skill level 6 in Fighting
  3862 | D:4      | Noticed a necrophage
  3868 | D:4      | Killed a necrophage
  3869 | D:4      | Reached XP level 6. HP: 53/58 MP: 5/5
  4417 | D:5      | Entered Level 5 of the Dungeon
  4422 | D:5      | Reached skill level 7 in Fighting
  4518 | D:5      | Noticed a sky beast
  4525 | D:5      | Killed a sky beast
  4642 | D:5      | Reached XP level 7. HP: 56/67 MP: 6/6
  4740 | D:5      | Found a staircase to the Ecumenical Temple.
  4758 | Temple   | Entered the Ecumenical Temple
  4777 | Temple   | Became a worshipper of Warmaster Okawaru
  5081 | D:5      | Reached skill level 8 in Fighting
  5302 | D:5      | Noticed a steam dragon
  5310 | D:5      | Killed a steam dragon
  5754 | D:5      | Reached skill level 9 in Fighting
  6147 | D:5      | Reached XP level 8. HP: 55/78 MP: 7/7
  6294 | D:5      | Reached * piety under Okawaru
  6735 | D:6      | Noticed Eustachio
  6750 | D:6      | Killed Eustachio
  6751 | D:6      | Reached skill level 10 in Fighting
  6751 | D:6      | Reached skill level 1 in Invocations
  6807 | D:6      | Noticed a cyclops
  7842 | D:7      | Reached skill level 11 in Fighting
  8472 | D:7      | Noticed Dowan
  8472 | D:7      | Noticed Duvessa
  8482 | D:7      | Killed Duvessa
  8482 | D:7      | Reached ** piety under Okawaru
  8483 | D:7      | Reached XP level 9. HP: 82/89 MP: 10/10
  8488 | D:7      | Killed Dowan
  9225 | D:7      | Noticed a two-headed ogre
  9235 | D:7      | Killed a two-headed ogre
  9236 | D:7      | Reached skill level 12 in Fighting
  9801 | D:8      | Noticed a manticore
  9801 | D:8      | Noticed a gargoyle
  9810 | D:8      | Killed a gargoyle
  9810 | D:8      | Reached *** piety under Okawaru
  9820 | D:8      | Slain by a manticore

Illustrated notes

Levels and vault maps discovered:
D:1:      ncdulo_wetmaze, layout_rooms
D:2:      layout_basic, lemuel_flame_loot_1, uniq_robin, uniq_crazy_yiuf_cottage
D:3:      kennysheep_six_static_rooms, layout_basic,
          nicolae_ecumenical_snake_handling, minmay_diced_spiral
D:4:      layout_basic
D:5:      layout_basic, minmay_temple_entry_crystal_x
D:6:      layout_loops_ring, lightli_corner_chamber, uniq_eustachio
D:7:      layout_loops_ring, uniq_duvessa
D:8:      minmay_the_grid_octo_triangle [minmay_the_grid_octo_checkerflower,
          minmay_the_grid_octo_prize_star, minmay_the_grid_octo_odd_swirl],
          layout_basic, uniq_erica
Temple:   nicolae_temple_the_god_donut

Skill      XL: |  1  2  3  4  5  6  7  8  9 |
---------------+----------------------------+-----
Fighting       | 3 4 5 6 7 9 11 12 | 12.9
Bows           | 5 6 7 8 9 |  9.3
Invocations    | 3 4 |  4.0
Dodging        | |  2.1
Stealth        | |  0.7

Action                   |  1- 3 |  4- 6 |  7- 9 || total
-------------------------+-------+-------+-------++-------
 Fire: Shortbow          |   106 |   171 |   283 ||   560
Invok: Heroism           |       |       |     1 ||     1
Evoke: Wand              |       |       |     2 ||     2
Armor: Leather armour    |     4 |    16 |    19 ||    39
       Chain mail        |       |       |    12 ||    12
Dodge: Dodged            |    17 |    38 |    60 ||   115

Table legend: (Time is in decaauts)
 A = Elapsed time spent in this place.
 B = Non-inter-level travel time spent in this place.
 C = Inter-level travel time spent in this place.
 D = Time resting spent in this place.
 E = Time spent auto-exploring this place.
 F = Levels seen in this place.
 G = Mean time per level.
                   A        B        C        D        E       F      G
               +--------+--------+--------+--------+--------+-----+--------+
         Total |   9819 |   9466 |    353 |    128 |   8230 |   9 | 1091.0 |
       Dungeon |   9523 |   9186 |    337 |    128 |   7969 |   8 | 1190.4 |
        Temple |    295 |    279 |     16 |      0 |    261 |   1 |  295.0 |
               +--------+--------+--------+--------+--------+-----+--------+

Top non-repeatable levels by time:
     D:7: 2294 daAuts
     D:5: 1789 daAuts
     D:2: 1473 daAuts
     D:3: 1127 daAuts
     D:4: 1018 daAuts
     D:1: 823 daAuts
     D:6: 822 daAuts
  Temple: 295 daAuts
     D:8: 173 daAuts
